 Dungeon Crawl Stone Soup version 0.30-a0-802-gb92711bcdf (webtiles) character file.

Game seed: 18206832780504693891

156 Popcorn the Chopper (level 5, -2/47 HPs)
             Began as a Hill Orc Monk on Feb 23, 2023.
             Succumbed to a scorpion's poison
             ... on level 4 of the Dungeon.
             The game lasted 00:07:47 (2903 turns).

Popcorn the Chopper (Hill Orc Monk)                 Turns: 2903, Time: 00:07:47

Health: -2/47      AC:  8    Str: 16    XL:     5   Next: 37%
Magic:  5/5        EV:  7    Int: 10    God:
Gold:   117        SH:  0    Dex: 13    Spells: 4/4 levels left

rFire   . . .      SeeInvis .    a - +1 hand axe
rCold   . . .      Faith    .    (no shield)
rNeg    . . .      Spirit   .    f - +0 chain mail
rPois   .          Reflect  .    (no helmet)
rElec   .          Harm     .    (no cloak)
rCorr   .          Rampage  .    (no gloves)
Will    .....                    (no boots) Stlth
                                 (no amulet)
HPRegen 0.27/turn                (no ring)
MPRegen 0.09/turn                (no ring)

@: lethally poisoned (-2 -> -18)
A: no striking features
a: no special abilities


You were on level 4 of the Dungeon.
You visited 1 branch of the dungeon, and saw 4 of its levels.

You collected 117 gold pieces.

Inventory:

Hand Weapons
 a - a +1 hand axe (weapon)
Missiles
 e - 5 poisoned darts (quivered)
Armour
 f - a +0 chain mail (worn)
Wands
 h - a wand of roots (8)
Scrolls
 g - a scroll of silence
Potions
 b - 2 potions of lignification {unknown}
 c - 2 potions of ambrosia
 d - a potion of resistance {unknown}


   Skills:
 + Level 4.7 Fighting
 * Level 6.2 Axes
 + Level 2.4 Armour
 - Level 2.4 Dodging
 - Level 1.5 Stealth


You had 4 spell levels left.
You didn't know any spells.
Your spell library contained the following spells:

 Spells                   Type           Power      Damage    Failure   Level
 Ensorcelled Hibernation  Hex/Ice        0%         N/A       100%        2
 Lesser Beckoning         Tloc           0%         N/A       100%        2
 Gell's Gravitas          Tloc           0%         N/A       100%        3
 Spider Form              Tmut/Pois      0%         N/A       100%        3
 Teleport Other           Tloc           0%         N/A       100%        3
 Anguish                  Hex/Necr       0%         N/A       100%        4


Dungeon Overview and Level Annotations

Branches:
Dungeon (4/15)
 Temple: D:4-7

Altars:


Message History

The scorpion is almost dead.
You feel very sick. The scorpion stings you.
You hit the scorpion but do no damage.
The scorpion is almost dead.
You feel sick. The scorpion stings you.
* * * LOW HITPOINT WARNING * * *
You are lethally poisoned!
The scorpion poisons you!
You completely miss the scorpion.
The scorpion is almost dead.
* * * LOW HITPOINT WARNING * * *
You feel very sick.
The scorpion stings you but does no damage.
You are confused.
You feel invigorated.
* * * LOW HITPOINT WARNING * * *
You feel very sick. The scorpion stings you.
* * * LOW HITPOINT WARNING * * *
You are more poisoned.
The scorpion poisons you!
You closely miss the scorpion.
The scorpion is almost dead.
* * * LOW HITPOINT WARNING * * *
You feel very sick. The scorpion barely misses you. The scorpion stings you.
* * * LOW HITPOINT WARNING * * *
You feel less invigorated.
You feel less confused.
* * * LOW HITPOINT WARNING * * *
You feel very sick.
The scorpion stings you but does no damage.
Aiming: Fastroot
Press: ? - help, Shift-Dir - straight line The roots erupt in riotous growth!
Roots grab the scorpion.
The grasping roots constrict the scorpion.
You kill the scorpion!
You die...

....# #...# ....# ... #...#
....# .....#...# ....#
....#... ....# ...#..
....### ### #.##)#
#.....###..##.##.#######
#.....#...........#....#
#.>...#........†@.#....#
#.....#...........'....#
#.....#######.##.###########
#.......#..##.##.###.......#
#.......#......#...#.......#
+.......'......+...'.......#
#.......############.......#
######### #########


There were no monsters in sight!

Vanquished Creatures
  A scorpion (D:4)
  2 orc wizards (D:3)
  3 adders (D:2)
  A worm (D:3)
  2 dart slugs
  3 orcs (D:3)
  7 ball pythons
  A bat (D:3)
  7 endoplasms
  3 giant cockroaches
  5 goblins
  9 hobgoblins
  2 jackals (D:2)
  4 quokkas
  6 frilled lizards
  5 kobolds
  7 rats
68 creatures vanquished.

Notes
Turn   | Place    | Note
-------+----------+-------------------------------------------
     0 | D:1      | Popcorn the Hill Orc Monk began the quest for the Orb.
     0 | D:1      | Reached XP level 1. HP: 19/19 MP: 1/1
   186 | D:1      | Reached XP level 2. HP: 27/27 MP: 2/2
   260 | D:1      | Reached skill level 1 in Armour
   716 | D:1      | Reached XP level 3. HP: 33/33 MP: 3/3
   897 | D:2      | Reached skill level 5 in Axes
  1075 | D:2      | Identified the +10 dagger of Lies {speed, *Corrode *Slow
                  | Will+ Str+6}
  1106 | D:2      | Found a faded altar of an unknown god.
  1220 | D:2      | Reached XP level 4. HP: 37/40 MP: 4/4
  1945 | D:3      | HP: 2/41 [something/puff of flame (10)]
  1986 | D:3      | Reached XP level 5. HP: 16/47 MP: 5/5
  2437 | D:3      | Reached skill level 6 in Axes
  2902 | D:4      | HP: 2/47 [poisoned by a scorpion]
  2903 | D:4      | Succumbed to a scorpion's poison

Illustrated notes

Levels and vault maps discovered:
D:1:      nagdon_arrival_double_spiral, layout_basic,
          nicolae_kite_square_tiling_tiny, ebering_dispersal_statue_hall,
          serial_bayou_pond_d
D:2:      layout_basic, chequers_ecumenical_altar_simple_redux
D:3:      layout_basic
D:4:      layout_gridville, minmay_temple_entry_mini_moons, minmay_pentangle,
          uniq_ijyb, uniq_blork_the_orc, uniq_eustachio

Skill      XL: |  1  2  3  4  5 |
---------------+----------------+-----
Armour         | 1 2 |  2.4
Fighting       | 4 |  4.7
Axes           | 5 6 |  6.2
Dodging        | |  2.4
Stealth        | |  1.5

Action                     |  1- 3 |  4- 6 || total
---------------------------+-------+-------++-------
  Melee: Hand axe          |   122 |   169 ||   291
         Punch             |     1 |     2 ||     3
  Evoke: Wand              |       |     1 ||     1
    Use: Scroll            |     5 |     4 ||     9
         Potion            |       |     4 ||     4
   Stab: Sleeping          |     1 |       ||     1
 Armour: Robe              |     4 |       ||     4
         Chain mail        |    63 |    79 ||   142
  Dodge: Dodged            |    50 |    45 ||    95

Table legend: (Time is in decaauts)
 A = Elapsed time spent in this place.
 B = Non-inter-level travel time spent in this place.
 C = Inter-level travel time spent in this place.
 D = Time resting spent in this place.
 E = Time spent auto-exploring this place.
 F = Levels seen in this place.
 G = Mean time per level.
                   A        B        C        D        E       F      G
               +--------+--------+--------+--------+--------+-----+--------+
         Total |   2894 |   2744 |    150 |    219 |   1838 |   4 |  723.5 |
       Dungeon |   2894 |   2744 |    150 |    219 |   1838 |   4 |  723.5 |
               +--------+--------+--------+--------+--------+-----+--------+

Top non-repeatable levels by time:
     D:3: 1085 daAuts
     D:2: 858 daAuts
     D:1: 816 daAuts
     D:4: 133 daAuts
